 Dungeon Crawl Stone Soup version 0.30.1-11-g7821555f0a (webtiles) character file.

Game seed: 15025679449850613859

8089 SacredBeard the Martial Artist (level 11, -6/86 HPs)
             Began as a Demonspawn Necromancer on Nov 28, 2023.
             Mangled by a yak (10 damage)
             ... on level 9 of the Dungeon.
             The game lasted 00:34:49 (12084 turns).

SacredBeard the Martial Artist (DsNe)              Turns: 12084, Time: 00:34:50

Health: -6/86      AC: 13    Str: 12    XL:     11   Next: 5%
Magic:  0/18       EV: 12    Int: 17    God:
Gold:   704        SH:  0    Dex: 17    Spells: 19/20 levels left

rFire   . . .        U - +6 dagger of the Mind {speed, Dex+3}
rCold   . . .        (no shield)
rNeg    + . .        C - +3 leather armour
rPois   .            E - +0 helmet
rElec   .            S - +2 cloak
rCorr   .            (no gloves)
SInv    .            k - +0 pair of boots
Will    .....        (no amulet)
Stlth   ++           y - ring of wizardry
HPRegen 0.34/turn    T - ring of positive energy
MPRegen 0.32/turn

%: guardian spirit, wizardry (x1)
@: no status effects
A: claws 2, molten scales 1, foul stench 1, magic shield, magic regeneration
a: no special abilities


You were on level 9 of the Dungeon.
You visited 2 branches of the dungeon, and saw 12 of its levels.

You collected 704 gold pieces.

Inventory:

Hand Weapons
 a - the +4 trident "Zigomn" {flame, rPois Will+++ MP-9 Int+2}
   (You found it on level 8 of the Dungeon)

   Int:       It affects your intelligence (+2).
   rPois:     It protects you from poison.
   MP:        It affects your magic capacity (-9).
   Will:      It greatly increases your willpower.
 F - a +4 spear of venom
 U - the +6 dagger of the Mind (weapon) {speed, Dex+3}
   (You found it on level 7 of the Dungeon)

   Dex:       It affects your dexterity (+3).
Missiles
 d - 51 stones
 e - 7 boomerangs
 B - 4 javelins
 G - 7 poisoned darts
 H - a throwing net
 X - a curare-tipped dart
Armour
 k - a +0 pair of boots (worn)
 n - the +1 robe of the Arcane {*Corrode rF++}
   (You found it on level 4 of the Dungeon)

   rF:        It greatly protects you from fire.
   *Corrode:  It may corrode you when you take damage.
 C - a +3 leather armour (worn)
 E - a +0 helmet (worn)
 J - a +2 robe of willpower
 S - a +2 cloak (worn)
Jewellery
 i - a ring of magical power
 q - a ring of fire
 x - a ring of wizardry
 y - a ring of wizardry (left claw)
 O - a ring of protection from cold
 R - the ring "Liuxadd" {rCorr Str+6 Dex-5}
   (You found it on level 6 of the Dungeon)

   [ring of resist corrosion]

   Str:       It affects your strength (+6).
   Dex:       It affects your dexterity (-5).
   rCorr:     It protects you from acid and corrosion.
 T - a ring of positive energy (right claw)
 W - a ring of magical power
Wands
 l - a wand of flame (10)
 K - a wand of iceblast (21)
 M - a wand of mindburst (7)
Scrolls
 f - 3 scrolls of enchant weapon {unknown}
 g - a scroll of teleportation
 m - 2 scrolls of magic mapping {unknown}
 p - a scroll of brand weapon {unknown}
 t - 2 scrolls of blinking {unknown}
 u - 2 scrolls of immolation {unknown}
 z - 2 scrolls of enchant armour {unknown}
 D - 2 scrolls of amnesia {unknown}
 I - 3 scrolls of fog {unknown}
 L - 3 scrolls of poison {unknown}
 N - a scroll of noise {unknown}
 P - a scroll of vulnerability {unknown}
 V - a scroll of fear {unknown}
Potions
 b - 2 potions of magic
 c - a potion of might {unknown}
 h - 2 potions of haste
 j - 2 potions of berserk rage
 o - 2 potions of curing
 r - 2 potions of mutation {unknown}
 s - 2 potions of invisibility {unknown}
 v - 2 potions of degeneration {unknown}
 A - a potion of cancellation {unknown}
 Q - 2 potions of lignification


   Skills:
 + Level 7.9 Fighting
 - Level 2.0 Throwing
 - Level 2.0 Armour
 - Level 2.0 Dodging
 - Level 3.0 Stealth
 * Level 10.5 Unarmed Combat
 - Level 5.0 Spellcasting
 - Level 7.0 Necromancy
 + Level 5.3 Evocations


You had 19 spell levels left.
You knew the following spells:

 Your Spells              Type           Power      Damage    Failure   Level
a - Necrotise             Necr           100%       1d9       1%          1

Your spell library contained the following spells:

 Spells                   Type           Power      Damage    Failure   Level
 Vampiric Draining        Necr           28%        2d8       1%          3
 Animate Dead             Necr           28%        N/A       4%          4
 Apportation              Tloc           8%         N/A       8%          1
 Freeze                   Ice            16%        1d4       8%          1
 Blink                    Tloc           8%         N/A       11%         2
 Agony                    Necr           28%        N/A       12%         5
 Frozen Ramparts          Ice            8%         1d2       21%         3
 Hailstorm                Conj/Ice       4%         3d4       21%         3
 Iskenderun's Mystic Bla  Conj/Tloc      4%         2d3       54%         4
 Manifold Assault         Tloc           4%         N/A       54%         4
 Dispersal                Tloc           2%         N/A       100%        6
 Storm Form               Tmut/Air       2%         N/A       100%        7


Dungeon Overview and Level Annotations

Branches:
Dungeon (11/15) Zot: 24232  Temple (1/1) D:6 Zot: 5973    Lair (0/5) D:9
    Orc: D:9-12

Altars:
Ashenzari
Cheibriados
Dithmenos
Fedhas
Gozag
Hepliaklqana
Kikubaaqudgha
Makhleb
Nemelex Xobeh
Okawaru
Qazlal
Ru
Sif Muna
Trog
Uskayaw
Vehumet
Wu Jian
Xom
Yredelemnul

Shops:
D:9 *

Annotations:
D:8 Erica
D:9 Joseph


Innate Abilities, Weirdness & Mutations

You have very sharp fingernails.
You are partially covered in molten scales. (AC +2)
You may rarely emit foul miasma when damaged in melee.
When hurt, damage is shared between your health and your magic reserves.
You regenerate magic rapidly.


Message History

The yak is heavily wounded.
The yak closely misses you.
As you read the scroll of identify, it crumbles to dust.
j - 2 potions of berserk rage Your yak skeleton gores the yak!
The yak gores your yak skeleton! The yak closely misses you.
As you read the scroll of identify, it crumbles to dust.
Q - 2 potions of lignification Your yak skeleton gores the yak.
The yak gores your yak skeleton. The yak gores you but does no damage.
You puncture the yak!
The yak is severely wounded.
You hit the yak.
The yak is severely wounded.
The yak completely misses your yak skeleton.
The yak gores you!
* * * LOW HITPOINT WARNING * * *
Your yak skeleton gores the yak but does no damage.
Casting: Necrotise (safe; 1% risk of failure)
Confirm with . or Enter, or press ? or * to list all spells.
Aiming: Necrotise (safe; 1% risk of failure)
Press: ? - help, Shift-Dir - straight line, f - yak
Aim: a yak (severely wounded, chance to affect: 83%)
The yak writhes in agony.
The yak gores your yak skeleton. The yak gores you!
* * * LOW HITPOINT WARNING * * *
Your yak skeleton gores the yak!
The yak dies!
Casting: Necrotise (safe; 1% risk of failure)
Confirm with . or Enter, or press ? or * to list all spells.
Aiming: Necrotise (safe; 1% risk of failure)
Press: ? - help, Shift-Dir - straight line, f/p - yak
Aim: a yak (severely wounded, ally target, chance to affect: 83%)
The yak writhes in agony.
The yak barely misses you.
Casting: Necrotise (safe; 1% risk of failure)
Confirm with . or Enter, or press ? or * to list all spells.
Aiming: Necrotise (safe; 1% risk of failure)
Press: ? - help, Shift-Dir - straight line, f/p - yak
Aim: a yak (almost dead, ally target, chance to affect: 83%)
The yak writhes in agony!
The yak gores you!
You die...

..............)'........#
..............)#........#
.............))#........#
...............#........#
....##.........#........#
....##.........#........#
....#..........#........#
....#..........#.######.#
....#..........#@# #.#
....#..........#Y######.#
....#..........#Z.......#
....#..........#.....[..#
....##.........#.>......#
....##.........#........#
....#..........#.....[..#
....##.........#........#
....##.........#........#


You could see a yak (ally target) and a friendly yak skeleton.

Vanquished Creatures
  2 two-headed ogres
  A boulder beetle (D:9)
  Pikel (D:5)
  An elephant (D:9)
  A hornet (D:9)
  Grinder (D:5)
  Prince Ribbit (D:6)
  Sigmund (D:3)
  2 wyverns (D:9)
  2 yaks (D:9)
  A basilisk (D:9)
  A water moccasin (D:7)
  An acid dragon (D:8)
  2 sky beasts (D:7)
  Duvessa (D:5)
  3 orc warriors
  4 ice beasts
  2 black bears
  2 ogres
  2 centaurs
  2 phantoms (D:6)
  A kobold brigand (D:9)
  2 gnoll sergeants
  2 scorpions
  10 wights
  Dowan (D:5)
  A howler monkey (D:7)
  2 hounds
  A gnoll bouda (D:5)
  4 jellies
  An orc priest (D:9)
  A sleepcap (D:7)
  Natasha (thrice) (D:2)
  7 iguanas
  7 orc wizards
  Robin (D:4)
  17 gnolls
  7 adders
  A shadow imp (D:5)
  2 white imps
  An ufetubus (D:5)
  5 worms
  4 dart slugs
  27 orcs
  7 bats
  7 endoplasms
  6 giant cockroaches
  19 goblins
  7 hobgoblins
  5 jackals
  6 quokkas
  12 ball pythons
  2 frilled lizards (D:1)
  A goblin skeleton (D:5)
  A goblin zombie (D:5)
  A hobgoblin zombie (D:5)
  12 kobolds
  A kobold zombie (D:5)
  2 orc zombies (D:5)
  4 rats
235 creatures vanquished.

Vanquished Creatures (collateral kills)
  A yak (D:9)
  4 gnolls
  An adder (D:4)
  A worm (D:2)
  3 orcs
10 creatures vanquished.

Grand Total: 245 creatures vanquished

Notes
Turn   | Place    | Note
-------+----------+-------------------------------------------
     0 | D:1      | SacredBeard the Demonspawn Necromancer began the quest for
                  | the Orb.
     0 | D:1      | Reached XP level 1. HP: 13/13 MP: 3/3
   259 | D:1      | Gained mutation: You have sharp fingernails. [demonic
                  | ancestry]
   259 | D:1      | Reached XP level 2. HP: 19/19 MP: 1/5
   534 | D:1      | Reached skill level 5 in Necromancy
   688 | D:1      | Reached XP level 3. HP: 22/24 MP: 3/6
  1518 | D:2      | Found a faded altar of an unknown god.
  1696 | D:2      | Gained mutation: You regenerate magic rapidly. [demonic
                  | ancestry]
  1696 | D:2      | Reached XP level 4. HP: 25/30 MP: 1/8
  1861 | D:2      | Noticed Natasha
  1866 | D:2      | Killed Natasha
  1960 | D:2      | Noticed Natasha
  1967 | D:2      | Killed Natasha
  2047 | D:2      | Noticed Natasha
  2051 | D:2      | Killed Natasha
  2052 | D:2      | Gained mutation: When hurt, damage is shared between your
                  | health and your magic reserves. [demonic ancestry]
  2052 | D:2      | Reached XP level 5. HP: 35/35 MP: 6/9
  2330 | D:3      | Noticed Sigmund
  3373 | D:4      | Noticed an ice beast
  3379 | D:4      | Killed an ice beast
  3380 | D:4      | Gained mutation: You may rarely emit foul miasma when
                  | damaged in melee. [demonic ancestry]
  3380 | D:4      | Reached XP level 6. HP: 41/41 MP: 7/12
  3579 | D:4      | Reached skill level 5 in Spellcasting
  3651 | D:4      | Identified the +1 robe of the Arcane {*Corrode rF++}
  3752 | D:4      | Noticed Robin
  3784 | D:4      | Killed Robin
  3896 | D:4      | Found a burning altar of Makhleb.
  4307 | D:5      | Entered Level 5 of the Dungeon
  4334 | D:5      | Reached XP level 7. HP: 42/47 MP: 9/14
  4358 | D:5      | Noticed Grinder
  4370 | D:5      | Reached skill level 1 in Unarmed Combat
  4577 | D:5      | Reached skill level 1 in Fighting
  4577 | D:5      | Reached skill level 1 in Armour
  4736 | D:5      | Noticed Pikel
  4748 | D:5      | Killed Pikel
  4749 | D:5      | Reached skill level 4 in Unarmed Combat
  4749 | D:5      | Gained mutation: You are partially covered in molten
                  | scales. (AC +2) [demonic ancestry]
  4749 | D:5      | Reached XP level 8. HP: 44/57 MP: 3/15
  4920 | D:5      | Paralysed by Grinder for 3 turns
  4933 | D:5      | Paralysed by Grinder for 3 turns
  4941 | D:5      | Paralysed by Grinder for 5 turns
  4957 | D:5      | Killed Grinder
  4958 | D:5      | Reached skill level 5 in Unarmed Combat
  5227 | D:5      | Noticed Dowan
  5229 | D:5      | Noticed Duvessa
  5243 | D:5      | Killed Duvessa
  5248 | D:5      | Killed Dowan
  5249 | D:5      | Reached skill level 6 in Unarmed Combat
  5532 | D:5      | Reached XP level 9. HP: 66/66 MP: 11/16
  6361 | D:6      | Reached skill level 5 in Fighting
  6382 | D:6      | Reached skill level 7 in Unarmed Combat
  6629 | D:6      | Noticed Prince Ribbit
  6641 | D:6      | Killed Prince Ribbit
  6705 | D:6      | Found a staircase to the Ecumenical Temple.
  6782 | D:6      | Found a shimmering altar of Xom.
  6907 | D:6      | Identified the ring "Liuxadd" {rCorr Str+6 Dex-5}
  7027 | Temple   | Entered the Ecumenical Temple
  7118 | D:3      | Killed Sigmund
  7323 | D:7      | Reached skill level 1 in Evocations
  7382 | D:7      | Reached skill level 1 in Throwing
  7607 | D:7      | Reached skill level 8 in Unarmed Combat
  7762 | D:7      | Identified the +6 dagger of the Mind {speed, Dex+3}
  7764 | D:7      | Found a radiant altar of Vehumet.
  8161 | D:7      | Found a snail-covered altar of Cheibriados.
  8284 | D:8      | Identified the +4 trident "Zigomn" {flame, rPois Will+++
                  | MP-9 Int+2}
  8301 | D:8      | Noticed Erica
  9007 | D:8      | Found a sacrificial altar of Ru.
  9254 | D:9      | Found Wubozus's Assorted Antiques.
  9273 | D:9      | You fall into a shaft and drop 2 floors!
  9281 | D:10     | Entered Level 10 of the Dungeon
  9315 | D:10     | Gained mutation: You have very sharp fingernails. [demonic
                  | ancestry]
  9315 | D:10     | Reached XP level 10. HP: 65/77 MP: 10/17
  9432 | D:10     | Noticed a two-headed ogre
  9489 | D:11     | HP: 3/71 [wight/+0 great sword (1)]
  9722 | D:11     | Noticed a two-headed ogre
  9796 | D:10     | Killed a two-headed ogre
  9797 | D:10     | Reached skill level 9 in Unarmed Combat
  9898 | D:10     | Noticed a boulder beetle
  9938 | D:9      | Noticed a two-headed ogre
  9979 | D:9      | Noticed an elephant
 10165 | D:9      | Killed a boulder beetle
 10484 | D:9      | Killed a two-headed ogre
 10508 | D:9      | Paralysed by a hornet for 3 turns
 10752 | D:9      | Reached skill level 10 in Unarmed Combat
 10906 | D:9      | Noticed Joseph
 11245 | D:9      | Found a staircase to the Lair.
 11279 | D:9      | Killed an elephant
 11280 | D:9      | Reached skill level 5 in Evocations
 11552 | D:9      | Got Gowkiaw's Omnibus of Spooky Action
 12043 | D:9      | Reached XP level 11. HP: 65/86 MP: 16/18
 12082 | D:9      | HP: 4/86 [yak (6)]
 12084 | D:9      | Mangled by a yak

Illustrated notes

Levels and vault maps discovered:
D:1:      saegor_arrival_simple_e, layout_basic, minmay_split_cup_small
D:2:      layout_basic, hellmonk_ecumenical_altar_prayer_group, uniq_natasha
D:3:      layout_loops_corners, uniq_sigmund
D:4:      layout_loops_ring, mainiacjoe_overflow_surrounded_room, serial_forest,
          infiniplex_forest_lined_3_way, infiniplex_forest_corner_1,
          infiniplex_forest_straight_1, infiniplex_forest_lined_ring,
          infiniplex_forest_end_2, infiniplex_forest_pool,
          infiniplex_forest_straight_4, infiniplex_forest_straight_4, uniq_robin
D:5:      layout_basic, nicolae_tso_besieged_by_evil, supply_closet_lemuel,
          uniq_grinder, uniq_pikel, uniq_duvessa
D:6:      hellmonk_destroyed_diamonds, layout_basic,
          nicolae_overflow_two_pavilions, minmay_temple_entry_glass,
          uniq_prince_ribbit1
D:7:      layout_basic, vehumet_crystals, overflow_temple_1_default
D:8:      layout_basic, general_overflow_altar, uniq_erica
D:9:      layout_stronghold, david_lair_generic, serial_shops, shop, uniq_joseph
D:10:     layout_cave_pods, david_orc_2, minmay_misc_feat_five
D:11:     minmay_quarter_circles, layout_irregular_city,
          portal_ice_cave_entry_animals_and_master
Temple:   minmay_freezing_vapour_temple

Skill      XL: |  1  2  3  4  5  6  7  8  9 10 |
---------------+-------------------------------+-----
Necromancy     | 5 6 7 |  7.0
Spellcasting   | 3 4 5 |  5.0
Stealth        | 2 3 |  3.0
Dodging        | 2 |  2.0
Unarmed Combat | 4 6 8 10 | 10.5
Fighting       | 2 4 6 7 |  7.9
Armour         | 2 |  2.0
Evocations     | 2 5 |  5.3
Throwing       | 2 |  2.0

Action                     |  1- 3 |  4- 6 |  7- 9 | 10-12 || total
---------------------------+-------+-------+-------+-------++-------
  Melee: Dagger            |    20 |    12 |   126 |   148 ||   306
         Short sword       |     2 |       |       |       ||     2
         Punch             |       |       |     4 |    14 ||    18
  Throw: Stone             |       |     1 |     3 |    30 ||    34
         Dart              |       |       |     4 |     1 ||     5
         Boomerang         |       |       |       |     1 ||     1
   Cast: Necrotise         |    80 |   142 |   324 |   137 ||   683
  Evoke: Wand              |       |     2 |     5 |    23 ||    30
    Use: Scroll            |       |       |       |     8 ||     8
         Potion            |       |       |       |     3 ||     3
   Stab: Distracted        |       |       |     1 |       ||     1
 Armour: Robe              |     3 |       |       |       ||     3
         Leather armour    |     4 |    15 |   140 |    84 ||   243
  Dodge: Dodged            |    19 |    19 |   178 |   101 ||   317
